 Dungeon Crawl Stone Soup version 0.29-a0-559-g359e09b9d1 (webtiles) character file.

Game seed: 6621865639410385568

7 frimble the Shield-Bearer (level 2, 23/26 HPs)
             Began as a Meteoran Fighter on June 11, 2022.
             Was a Follower of Makhleb.
             Quit the game on level 1 of the Dungeon.
             The game lasted 00:00:33 (172 turns).

frimble the Shield-Bearer (Meteoran Fighter)         Turns: 172, Time: 00:00:34

Health: 23/26      AC:  6    Str: 17    XL:     2   Next: 23%
Magic:  3/3        EV:  6    Int:  9    God:    Makhleb [*.....]
Gold:   20         SH:  5    Dex: 13    Spells: 1/1 levels left

rFire   . . .      SeeInvis .   a - +0 war axe
rCold   . . .      Faith    .   c - +0 buckler
rNeg    . . .      Spirit   .   b - +0 scale mail
rPois   .          Reflect  .   (no helmet)
rElec   .          Harm     .   (no cloak)
rCorr   .          Rampage  .   (no gloves)
Will    .....                   (no boots)
Stlth   ..........              (no amulet)
HPRegen 0.08/turn               (no ring)
MPRegen 0.08/turn               (no ring)

@: glowing, constricted
A: sense surroundings 1, otherworldly, glowing, explore regen
a: Renounce Religion


You were on level 1 of the Dungeon.
You worshipped Makhleb.
Makhleb was aware of your devotion.
You visited 1 branch of the dungeon, and saw 1 of its levels.

You collected 20 gold pieces.

Inventory:

Hand Weapons
 a - a +0 war axe (weapon)
Armour
 b - a +0 scale mail (worn)
 c - a +0 buckler (worn)
Potions
 d - a potion of might


   Skills:
 - Level 3.3 Fighting
 + Level 3.2 Axes
 - Level 3.6 Armour
 - Level 3.6 Shields


You had one spell level left.
You didn't know any spells.
Your spell library was empty.

Dungeon Overview and Level Annotations

Branches:
Dungeon (1/15)

Altars:
Makhleb


Innate Abilities, Weirdness & Mutations

You passively map a small area around you.
You are easily found by Zot.
You glow in the dark.
You regain HP and MP as you explore.


Message History

You hit the ball python.
You kill the ball python!
No target in view!
There is a faded altar of an unknown god here.
You cannot tell which god this altar belongs to.
Convert to them anyway?
Okay, then.
Unknown command.
Press < or > to pray at altars.
Unknown command.
Press < or > to pray at altars.
You cannot tell which god this altar belongs to.
Convert to them anyway?
Makhleb accepts your prayer! Makhleb welcomes you!
You can now gain health from killing.
You offer a prayer to Makhleb.
You offer a prayer to Makhleb.
Found a dagger.
You see here a ball python corpse.
You now have 20 gold pieces (gained 9).
A goblin comes into view. It is wielding a +0 club.
The goblin shouts!
The goblin moves out of view.
A ball python comes into view.
Found 15 gold pieces and a hunting sling.
The ball python hisses angrily.
The ball python bites you. You block the ball python's attack.
You closely miss the ball python. You block the ball python's attack. x2
The ball python bites you but does no damage.
The ball python closely misses you.
You closely miss the ball python.
The ball python bites you but does no damage.
The ball python barely misses you.
You completely miss the ball python. The ball python closely misses you.
The ball python grabs you. The ball python constricts you.
The ball python bites you but does no damage.
The ball python constricts you.
You barely miss the ball python. The ball python completely misses you.
The ball python constricts you. The ball python barely misses you.
The ball python constricts you.
Are you sure you want to abandon this character and quit the game? (Confirm with "yes".)

, . #+# .....##.# ..
#.#* #....#.# ,
..g..#####.####....#.#
............._......#
...####†####.....## ≈ ≈
,..###.##....#.#......#
..........>##.....##.#
≈≈≈≈
...###+##g#..#^#.#^##.#
≈≈≈≈≈
≈....$S@..(.)#8#.^8##.#
≈≈≈≈≈
.............########.#
≈≈≈≈≈ .#...........#* *
#.# ≈≈≈≈≈
#..)..........., #.#
≈≈≈≈≈ ################
*#.# ≈≈≈≈≈ ,*
#...........# #.#
≈≈≈≈≈≈≈≈≈..#
#.#########.# #.#
≈≈≈≈≈≈≈≈≈≈.#
#........##.# #.#
≈≈≈≈≈≈≈≈≈≈.#
#........##.# #.#


You could see a goblin and a ball python.

Vanquished Creatures
  An endoplasm (D:1)
  A kobold (D:1)
  3 ball pythons (D:1)
  3 frilled lizards (D:1)
8 creatures vanquished.

Notes
Turn   | Place    | Note
-------+----------+-------------------------------------------
     0 | D:1      | frimble the Meteoran Fighter began the quest for the Orb.
     0 | D:1      | Reached XP level 1. HP: 19/19 MP: 2/2
    79 | D:1      | Reached XP level 2. HP: 14/26 MP: 3/3
   132 | D:1      | Found a faded altar of an unknown god.
   154 | D:1      | Prayed at the altar of an unknown god.
   154 | D:1      | Became a worshipper of Makhleb the Destroyer
   154 | D:1      | Reached * piety under Makhleb
   172 | D:1      | Quit the game

Illustrated notes

Levels and vault maps discovered:
D:1:      minmay_arrival_shoal_huts, layout_basic,
          shapermc_ecumenical_altar_mp_highgroup

Skill      XL: |  1  2 |
---------------+-------+-----
Axes           | 3 |  3.2
Fighting       | |  3.3
Armour         | |  3.6
Shields        | |  3.6

Action                   || total
-------------------------++-------
Melee: War axe           ||    22
Armor: Scale mail        ||    13
Dodge: Dodged            ||    14
Block: Buckler           ||     8

Table legend: (Time is in decaauts)
 A = Elapsed time spent in this place.
 B = Non-inter-level travel time spent in this place.
 C = Inter-level travel time spent in this place.
 D = Time resting spent in this place.
 E = Time spent auto-exploring this place.
 F = Levels seen in this place.
 G = Mean time per level.
                   A        B        C        D        E       F      G
               +--------+--------+--------+--------+--------+-----+--------+
         Total |    184 |    184 |      0 |      0 |    116 |   1 |  184.0 |
       Dungeon |    184 |    184 |      0 |      0 |    116 |   1 |  184.0 |
               +--------+--------+--------+--------+--------+-----+--------+

Top non-repeatable levels by time:
     D:1: 184 daAuts
